 Dungeon Crawl Stone Soup version 0.29.0-5-ge4962eb29e (webtiles) character file.

Game seed: 107258409936722988

2 ImASeal the Magician (level 1, 0/16 HPs)
             Began as a Meteoran Wanderer on Aug 28, 2022.
             Slain by a goblin
             ... wielding a +0 club
              (4 damage)
             ... on level 1 of the Dungeon.
             The game lasted 00:01:21 (60 turns).

ImASeal the Magician (Meteoran Wanderer)              Turns: 60, Time: 00:01:21

Health: 0/16       AC:  2    Str: 12    XL:     1   Next: 57%
Magic:  5/7        EV: 11    Int: 15    God:
Gold:   18         SH:  0    Dex: 12    Spells: 9/10 levels left

rFire   . . .      SeeInvis .   a - +0 mace
rCold   . . .      Faith    .   (no shield)
rNeg    . . .      Spirit   .   d - +0 robe
rPois   .          Reflect  .   (no helmet)
rElec   .          Harm     .   (no cloak)
rCorr   .          Rampage  .   (no gloves)
Will    .....                   (no boots)
Stlth   +.........              (no amulet)
HPRegen 0.05/turn               (no ring)
MPRegen 0.10/turn               (no ring)

@: glowing
A: sense surroundings 1, otherworldly, glowing, explore regen
a: no special abilities


You were on level 1 of the Dungeon.
You visited 1 branch of the dungeon, and saw 1 of its levels.

You collected 18 gold pieces.

Inventory:

Hand Weapons
 a - a +0 mace (weapon)
Armour
 d - a +0 robe (worn)
Scrolls
 c - a scroll of butterflies
 e - a scroll of brand weapon {unknown}
Miscellaneous
 b - a piece from Xom's chessboard (15/15)


   Skills:
 + Level 1.1 Fighting
 + Level 1.3 Maces & Flails
 + Level 1.2 Throwing
 + Level 1.2 Dodging
 + Level 5.4 Spellcasting
 + Level 1.2 Evocations


You had 9 spell levels left.
You knew the following spells:

 Your Spells              Type           Power      Damage    Failure   Level
a - Shock                 Conj/Air       16%        1d4       16%         1

Your spell library contained the following spells:

 Spells                   Type           Power      Damage    Failure   Level
 Searing Ray              Conj           8%         2d4       24%         2
 Portal Projectile        Hex/Tloc       8%         N/A       43%         3
 Spider Form              Tmut/Pois      4%         N/A       43%         3


Dungeon Overview and Level Annotations

Branches:
Dungeon (1/15) Zot: 535

Altars:


Innate Abilities, Weirdness & Mutations

You passively map a small area around you.
You are easily found by Zot.
You glow in the dark.
You regain HP and MP as you explore.


Message History

You are very lightly contaminated with residual magic.
Nothing appears to happen.
Unknown command.
Casting: Shock (safe; 16% risk of failure)
Confirm with . or Enter, or press ? or * to list all spells.
Aiming: Shock (safe; 16% risk of failure)
Press: ? - help, Shift-Dir - straight line, f/p - goblin
Aim: a goblin, wielding a +0 club (55% to hit)
The zap hits the goblin.
The goblin is almost dead.
Casting: Shock (safe; 16% risk of failure)
Confirm with . or Enter, or press ? or * to list all spells.
Aiming: Shock (safe; 16% risk of failure)
Press: ? - help, Shift-Dir - straight line, f/p - goblin
Aim: a goblin, wielding a +0 club (almost dead, 55% to hit)
The zap misses the goblin.
You closely miss the goblin.
The goblin is almost dead.
The goblin barely misses you.
You closely miss the goblin.
The goblin is almost dead.
The goblin hits you with a +0 club.
You closely miss the goblin.
The goblin is almost dead.
The goblin hits you with a +0 club. x2
You are too injured to fight recklessly!
You are too injured to fight recklessly!
You completely miss the goblin.
The goblin is severely wounded.
The goblin hits you with a +0 club.
Your magical contamination has completely faded away.
You barely miss the goblin.
The goblin is severely wounded.
The goblin closely misses you.
You hit the goblin.
The goblin is almost dead.
The goblin hits you with a +0 club.
* * * LOW HITPOINT WARNING * * *
The goblin hits you with a +0 club.
You die...

,*..... ##.......# ..
,... #........#
#...##.##........# ,
,.................#
#######.#........#
#.#........# * ##
#.##.......# .###
##.##.......# , ~..##
##..##....@:.# ,
...P###...##....g..#
P..P##....##..........#
........#†########..###
P.......#.# * .##
..PP...##.# .#
.~.....##.#** #
......###..,* , ..##..#
### , *


You could see a goblin.

Vanquished Creatures
  A dart slug (D:1)
1 creature vanquished.

Notes
Turn   | Place    | Note
-------+----------+-------------------------------------------
     0 | D:1      | ImASeal the Meteoran Wanderer began the quest for the Orb.
     0 | D:1      | ImASeal set off with the following items: a +0 mace, a
                  | piece from Xom's chessboard (15/15), a scroll of
                  | butterflies, a +0 robe; and the following spell memorised:
                  | Shock; and the following spells available to memorise:
                  | Searing Ray, Portal Projectile, Spider Form.
     0 | D:1      | Reached XP level 1. HP: 16/16 MP: 7/7
    60 | D:1      | Slain by a goblin

Illustrated notes

Levels and vault maps discovered:
D:1:      lemuel_arrival_muddy, layout_basic

Action                   || total
-------------------------++-------
Melee: Mace              ||     7
 Cast: Shock             ||     7
Dodge: Dodged            ||     2
